cohdb
Replays
Latest Replays
All Replays
Popular Replays
Top Player Replays
Match Explorer
How It Works
Community
CoH3 Stats
Reddit
Sign in to upload your games and track your stats! →
Sign in with Steam
Match 41290218
Unlisted
Match 41290218
Overview
Messages
Build Orders
End
Kettenkrad Recon Vehicle
Construct Infanterie Kompanie
MG 42 Machine Gun Team
MG 42 Machine Gun Team
Selects Terror Battlegroup
Selects Machine Gun Camouflage
Grenadier Squad
Construct Panzergrenadier Kompanie
Panzergrenadier Squad
Selects Interrogate
GrW 34 Mortar Team
Pak 40 Anti-tank Gun Team
251 Medium Carrier
Support Elements
MG 42 Bunker
Nebelwerfer 42 Rocket Launcher Team
Selects Propaganda Leaflet Drop
Panzergrenadier Squad
StuG III G Assault Gun
MG 42 Bunker
Sniper
Propaganda Leaflet Drop
Pioneer Squad
Construct Panzer Kompanie
Propaganda Leaflet Drop
Pak 40 Anti-tank Gun Team
Selects V1 Rocket Strike
Pioneer Squad
Selects Defend the Fatherland
Side Skirts
V1 Rocket Strike
Propaganda Leaflet Drop
Panzer IV Medium Tank
MG 42 Bunker
Bighazelnut
TheRealChickön
James-Östen
Hrungner
0
0
Comments
sign in to comment!
No comments posted yet!